[Event "IX Famalicao Open 2022"]
[Site "Vila Nova de Famalicao"]
[Date "2022.07.26"]
[Round "3.1"]
[White "Martinez Duany, Lelys Stanley"]
[Black "Rodriguez Lopez, Rafael"]
[Result "1/2-1/2"]
[ECO "A05"]
[WhiteElo "2497"]
[BlackElo "2172"]
[Annotator "TA"]
[PlyCount "101"]
[EventDate "2022.07.25"]
[EventType "tourn"]
[EventCountry "POR"]
[SourceTitle "playchess.com"]
[Source "ChessBase"]
[SourceQuality "1"]
[TimeControl "5400+30"]

1. Nf3 Nf6 2. b3 g6 3. Bb2 Bg7 4. c4 c5 5. g3 d6 6. Bg2 {A30: Symmetrical English: Double Fianchetto and Hedgehog.} e5 {Prevents d4.} 7. O-O O-O 8. d3 Nc6 9. a3 Ne8 10. Nc3 Nc7 11. Nd2 Rb8 12. b4 {[#]} Ne7 $146 ({Predecessor:} 12... cxb4 13. axb4 Nxb4 14. Qb3 Nba6 15. Ba3 Be6 16. Nde4 b5 17. Bxd6 bxc4 18. Qa4 cxd3 19. Bxf8 dxe2 20. Bxg7 exf1=Q+ 21. Bxf1 Kxg7 22. Bxa6 {1-0 (45) Karjakin,S (2785)-Grischuk,A (2737) Doha 2016}) 13. bxc5 dxc5 14. a4 b6 15. a5 Bb7 16. axb6 axb6 17. Bxb7 Rxb7 18. Qa4 f5 19. Nb5 Ne6 20. Qa6 Rb8 21. Rfb1 Nc6 22. Qa4 e4 23. Bxg7 Kxg7 24. Qc2 exd3 25. Qxd3 Qxd3 26. exd3 Rfd8 27. Re1 Kf6 28. Re3 Rb7 29. Rae1 Ng7 30. Rf3 {[#] aiming for Ne4+.} Rbd7 31. Ne4+ {The position is equal.} Kf7 32. Ng5+ Kg8 33. Ne6 Re8 (33... Re7 $5 34. Rfe3 Nxe6 35. Rxe6 Kf7 36. Rxe7+ Nxe7 $11) 34. Rfe3 Rxe6 35. Rxe6 Nxe6 36. Rxe6 $11 {[%mdl 4096] Endgame KRN-KRN} Nb4 37. Rxb6 Nxd3 38. Kg2 Kf7 39. f4 Ke7 40. Rc6 Rb7 41. Kh3 Nf2+ 42. Kh4 Ne4 43. g4 fxg4 44. Kxg4 Nd2 45. Rxc5 Nxc4 46. Kg5 Kf7 47. Kh6 Kf6 48. h3 Ne3 {[#] ...Nf5+ is the strong threat.} 49. Rc6+ Ke7 50. Nd4 {Strongly threatening Re6+.} Rb4 51. Re6+ {Weighted Error Value: White=0.04 (flawless) /Black=0.03 (flawless)} 1/2-1/2

[Event "IX Famalicao Open 2022"]
[Site "Vila Nova de Famalicao"]
[Date "2022.07.26"]
[Round "3.2"]
[White "Aditya Mittal"]
[Black "Romano, Joao"]
[Result "1-0"]
[ECO "D30"]
[WhiteElo "2480"]
[BlackElo "2029"]
[Annotator "TA"]
[PlyCount "51"]
[EventDate "2022.07.25"]
[EventType "tourn"]
[EventCountry "POR"]
[SourceTitle "playchess.com"]
[Source "ChessBase"]
[SourceQuality "1"]
[TimeControl "5400+30"]

1. d4 d5 2. c4 e6 3. Nf3 c5 4. cxd5 exd5 5. g3 Nc6 6. Bg2 Nf6 7. O-O cxd4 8. Nxd4 Bc5 {[%emt 0:00:04] [#] is cutting edge theory.} 9. Nxc6 {[%emt 0:03:20] D30: Queen's Gambit Declined: Systems without Nc3.} bxc6 {[%emt 0:00:07] [#]} 10. Qc2 $1 Bb6 (10... Nd7 $142) 11. Qxc6+ $16 {[%emt 0:05:38] White is clearly better.} Bd7 12. Qd6 Rc8 {[%emt 0:03:20] [#]} 13. Bg5 $146 ({Weaker is} 13. Bxd5 Bc7 14. Qc5 Bb6 $17) ({Predecessor:} 13. Nc3 d4 14. Nd5 Nxd5 15. Bxd5 h5 16. Qe5+ Kf8 17. Qd6+ Kg8 18. Bg5 Qxg5 19. Qxd7 {1-0 (90) Gusarov,G (2354)-Maghsoodloo,P (2676) Chess.com INT 2020}) 13... Rc6 14. Qa3 {[%emt 0:04:46] aiming for Nc3.} h6 15. Bxf6 Qxf6 16. Bxd5 Bc5 17. Qf3 Qxf3 18. exf3 Rb6 19. Re1+ Kf8 20. Re2 h5 21. Nc3 Rhh6 22. Rd1 {[%emt 0:03:28][%cal Od5f7] And now Bxf7! would win.} Be8 23. h4 Rb8 24. Kg2 Rhb6 25. Bb3 R6b7 26. Rd5 {[%emt 0:01:42] White took control after the opening.  Weighted Error Value: White=0.05 (flawless) /Black=0.20 (precise)} 1-0

[Event "IX Famalicao Open 2022"]
[Site "Vila Nova de Famalicao"]
[Date "2022.07.26"]
[Round "3.4"]
[White "Das, Sayantan"]
[Black "Marques, Ricardo Taborda Trig"]
[Result "1-0"]
[ECO "B52"]
[WhiteElo "2449"]
[BlackElo "1991"]
[Annotator "TA"]
[PlyCount "67"]
[EventDate "2022.07.25"]
[EventType "tourn"]
[EventCountry "POR"]
[SourceTitle "playchess.com"]
[Source "ChessBase"]
[SourceQuality "1"]
[TimeControl "5400+30"]

1. e4 c5 2. Nf3 d6 3. Bb5+ Bd7 4. c4 Nc6 5. Nc3 g6 6. O-O {B52: Sicilian: Moscow Variation with 3...Bd7.} Bg7 7. d3 Nf6 8. h3 {The position is equal.} O-O 9. Be3 a6 10. Ba4 Rb8 11. Qd2 {[#]} Ne8 $146 ({Predecessor:} 11... Nh5 12. Bh6 Bxh6 13. Qxh6 f6 14. Bd1 e5 15. Qd2 Qa5 16. Qh6 Qd8 17. Qd2 Qa5 18. Qh6 Qd8 {½-½ (18) Frank,H-Goerz,P GER email 2009}) 12. Bxc6 Bxc6 13. d4 cxd4 14. Nxd4 Nf6 15. Nxc6 bxc6 16. Rac1 Qd7 17. b3 Rfd8 18. Rfd1 (18. f3 {keeps more tension.} Qb7 19. Bg5 Nh5 20. Rcd1) 18... Qe6 19. Qd3 c5 20. Re1 Nd7 21. f4 {Against Ne5} Nb6 22. Bd2 Qd7 23. Ne2 Qa7 24. Ba5 Rdc8 25. Rcd1 Na8 (25... Re8 $142) 26. h4 Nc7 27. h5 Ne6 28. Bc3 {Inhibits Nd4.} ({Better is} 28. hxg6 $18 hxg6 29. f5 Bd4+ 30. Nxd4 Nxd4 31. fxg6) 28... Qd7 (28... gxh5 $16 {was called for.} 29. Bxg7 Nxg7) 29. hxg6 $18 hxg6 30. f5 Nf8 (30... Nd4 31. Nxd4 cxd4 32. Bxd4 Bxd4+ 33. Qxd4 Qc7 34. fxg6 fxg6) 31. Nf4 {[#] Hoping for Bxg7.} Bxc3 32. Qxc3 {Threatens to win with Kf2.} gxf5 (32... e5 $142 33. Nd5 Nh7) 33. Nh5 f6 34. Qg3+ {Weighted Error Value: White=0.11 (very precise) /Black=0.32} 1-0

[Event "IX Famalicao Open 2022"]
[Site "Vila Nova de Famalicao"]
[Date "2022.07.26"]
[Round "3.5"]
[White "Harisurya Bharadwaj Gundepudi"]
[Black "Abdisalimov, Abdimalik"]
[Result "0-1"]
[ECO "A40"]
[WhiteElo "1924"]
[BlackElo "2437"]
[Annotator "TA"]
[PlyCount "124"]
[EventDate "2022.07.25"]
[EventType "tourn"]
[EventCountry "POR"]
[SourceTitle "playchess.com"]
[Source "ChessBase"]
[SourceQuality "1"]
[TimeControl "5400+30"]

1. d4 e6 2. Bf4 c5 3. e3 Nf6 4. c3 Nc6 5. Nd2 d5 6. Ngf3 cxd4 7. exd4 {[%emt 0:00:07] D02: 1 d4 d5 2 Nf3 sidelines, including 2...Nf6 3 g3 and 2...Nf6 3 Bf4.} Nh5 8. Be5 ({White should play} 8. Be3 $11) 8... f6 $15 9. Bg3 {[%emt 0:00:44] Black has an edge.} g6 10. Bd3 {[%emt 0:01:52] 10.Be2 might become the main line.} Bg7 11. O-O O-O 12. Re1 {[%emt 0:00:33] Inhibits e5.} Nxg3 13. hxg3 e5 {[%emt 0:00:05][%cal Be6e5,Be5e4][%mdl 32] [#]} 14. Bb5 $146 ({Predecessor:} 14. dxe5 fxe5 15. c4 e4 16. cxd5 exf3 17. gxf3 Ne5 18. Be4 Nf7 19. f4 Nd6 20. Bg2 {0-1 (44) Gajewski,G (2626)-Alekseev,E (2620) Moscow 2019}) 14... e4 15. Nh2 f5 16. Ndf1 Qb6 17. Bxc6 (17. Qb3 $17 {keeps fighting.}) 17... bxc6 $19 ({Inferior is} 17... Qxc6 18. Nd2 $17) 18. b4 a5 19. a3 Rf7 20. Qd2 Rfa7 {[%emt 0:00:20] [#] aiming for ...axb4.} 21. Qb2 g5 22. Nd2 a4 {[%emt 0:00:24] Inhibits Nb3.} 23. f3 h5 {[%emt 0:02:27] Inhibits g4.} 24. fxe4 fxe4 25. Nhf1 (25. g4 $17) 25... Ba6 {[%emt 0:00:59] Hoping for ...Rf7.} 26. Qa2 (26. Nxe4 {might work better.} dxe4 27. Qa2+ Kh8 28. Nd2) 26... Rf7 27. Ne3 Qd8 28. Qc2 $2 (28. Rad1 {was necessary.}) 28... Bd3 (28... Qf6 $2 29. Qxa4 Qf2+ 30. Kh1 $19) 29. Qa2 Qd6 ({Not} 29... Qf6 $2 30. Rf1 Bxf1 31. Rxf1 $19) 30. Ndf1 (30. Rf1 $142) 30... Raf8 31. Rad1 g4 ({Don't blunder} 31... h4 $2 32. g4 $19) 32. Rxd3 exd3 33. Qd2 Qg6 34. Rd1 Bh6 35. Qxd3 Qxd3 36. Rxd3 Re8 37. c4 dxc4 38. Rc3 Rf6 39. Nc2 Re2 40. Rxc4 Kh7 {[%emt 0:00:29] [#] ...Bc1 is the strong threat.} 41. Rc3 Kg6 42. Rc5 Kf7 43. Rc3 Kg7 44. Rc5 Kg6 {[%emt 0:02:31] And now ...Bc1 would win.} 45. Rc3 Bg5 46. Rc5 h4 47. gxh4 Bxh4 {[%emt 0:00:25] White must now prevent ...Bf2+.} 48. g3 Bg5 49. Rc3 Bd2 50. Nxd2 Rxd2 {[%emt 0:00:37][%mdl 4096] Endgame KRR-KRN} 51. Rc5 (51. Ne3 $142 Rxd4 52. Nc4) 51... Rd3 (51... Rd1+ $142 52. Ne1 Rxe1+ 53. Kg2 Rfe6 54. Rc2 R6e2+ 55. Rxe2 Rxe2+ 56. Kf1 Ra2 57. Ke1 Rxa3 58. Ke2 Rxg3 59. d5 a3 60. d6 a2 61. d7 a1=Q 62. d8=Q Qb2+ 63. Kf1 Qc1+ 64. Qd1 Qxd1+ 65. Kf2 Rf3+ 66. Kg2 Qf1+ 67. Kh2 Rh3#) 52. Kg2 Kf7 (52... Rdf3 $142 53. Ne1 Rf2+ 54. Kh1 Rf1+ 55. Kh2 Rxe1) 53. Rc4 Ke7 (53... Rd2+ $142 54. Kg1 Rd1+ 55. Ne1 Rxe1+ 56. Kg2 Rf3 57. Rc2 Rxa3 58. Kf2 Rb1 59. b5 cxb5 60. Kg2 Rab3 61. Rc7+ Ke6 62. Kf2 a3 63. Rc6+ Kd5 64. Rf6 a2 65. Rf5+ Kc4 66. Kg2 R3b2+ 67. Rf2 Kxd4 68. Rxb2 Rxb2+ 69. Kh1 a1=Q#) 54. Rc5 Kd7 {[%emt 0:00:24] ( -> ...Rd2+)} 55. d5 cxd5 (55... Rd2+ $142 56. Kg1 Rd1+ 57. Ne1 Rxe1+ 58. Kg2 cxd5 59. b5 Re2+ 60. Kg1 Ra2 61. b6 Rxb6 62. Rc1 Rxa3 63. Rf1 Ra2 64. Rf7+ Kd6 65. Rf6+ Kc5 66. Rf1 Rc2 67. Rf8 Rb1+ 68. Rf1 Rxf1+ 69. Kxf1 a3 70. Ke1 a2 71. Kd1 Rh2 72. Ke1 a1=Q#) 56. b5 Rb6 57. Nb4 Rd2+ 58. Kg1 Kd6 59. Rc8 Rxb5 60. Rd8+ Kc7 {[%emt 0:00:24] Black mates.} 61. Ra8 Kb7 62. Rxa4 Rc5 {[%emt 0:00:38] White got outplayed after the opening.  Weighted Error Value: White=1.10/Black=0.80} (62... d4 $142 63. Kf1 Rh5 64. Ke1 Rb2 65. Nc2 Rxc2 66. Rb4+ Kc6 67. Rc4+ Rxc4 68. Ke2 Rc3 69. Kf2 Rc2+ 70. Kg1 Rb5 71. Kh1 Rb1#) 0-1

[Event "IX Famalicao Open 2022"]
[Site "Vila Nova de Famalicao"]
[Date "2022.07.26"]
[Round "3.6"]
[White "Nigmatov, Ortik"]
[Black "Goncalves, Samuel Jesus P"]
[Result "0-1"]
[ECO "B12"]
[WhiteElo "2437"]
[BlackElo "1957"]
[Annotator "TA"]
[PlyCount "132"]
[EventDate "2022.07.25"]
[EventType "tourn"]
[EventCountry "POR"]
[SourceTitle "playchess.com"]
[Source "ChessBase"]
[SourceQuality "1"]
[TimeControl "5400+30"]

1. e4 c6 2. d4 d5 3. e5 Bf5 4. h4 h5 5. Bd3 Bxd3 6. Qxd3 {[%cal Oe5e6] B12: Caro-Kann: Advance Variation.} Qa5+ 7. Nd2 {[%cal Oe5e6] Threatens to win with e6!} e6 $1 8. Ngf3 {The position is equal.} Nh6 9. O-O Nf5 10. c4 {10.Nb3 deserves study.} Be7 11. g3 O-O 12. b3 Rd8 13. Bb2 c5 14. cxd5 Rxd5 15. Nc4 Qa6 16. Qe4 cxd4 {[#]} 17. Bxd4 $146 ({Predecessor:} 17. Nxd4 Nxd4 18. Bxd4 Nc6 19. Bb2 Rad8 20. a4 Rd3 21. Qe2 Rxb3 22. Rac1 Na5 23. Ba1 {0-1 (34) Moiseenko,V (2542)-Murzin,V (2513) Sochi 2021}) 17... Nc6 18. Be3 Rad8 19. Bf4 Ncd4 20. Ng5 Qc6 21. Kg2 {[#]} ({Better is} 21. Nf3 $15) 21... b5 (21... f6 $1 $17 22. exf6 gxf6) 22. Ne3 $15 Bxg5 {Black is more active.} 23. Bxg5 {Rac1 is the strong threat.} Nxe3+ 24. fxe3 Nf5 (24... Qc2+ $15 25. Qxc2 Nxc2) 25. Bxd8 $2 (25. Kh3 $1 $11 Rc8 26. Qf3 Rxe5 27. Rac1) 25... Rd2+ $19 {[%mdl 64] Discovered Attack} 26. Kf3 Qxe4+ 27. Kxe4 Nxg3+ 28. Kf3 Nxf1 {[%mdl 4096] Endgame KRB-KRN} 29. Be7 Nh2+ 30. Ke4 Ng4 31. Bc5 $2 (31. a4 $17) 31... a6 32. Bd4 Rc2 33. a4 b4 34. Kd3 Rc6 35. a5 f6 36. exf6 e5 (36... Nxf6 37. Ra4 $11) 37. Bb2 (37. Ba7 $142) 37... Nf2+ ({Weaker is} 37... gxf6 38. Rc1 Rd6+ 39. Ke2 $17) ({Worse is} 37... Rxf6 38. Ke4 $17) 38. Kd2 gxf6 39. Ra4 {[#]} Ne4+ (39... Rd6+ $1 $19 {and Black stays clearly on top.} 40. Kc2 Nd3) 40. Kd1 $17 Rd6+ 41. Kc2 Rc6+ ({Black should play} 41... Rd2+ $17 42. Kb1 Rd1+ 43. Ka2 Rd5 44. Rxb4 Rxa5+ 45. Kb1 Ng3) 42. Kb1 $2 {[%mdl 8192] Black keeps a firm grip on the game.} (42. Kd1 $11 {and White is okay.}) 42... Rc5 $19 43. Rxb4 Nd2+ 44. Ka2 Rxa5+ 45. Ba3 Rb5 {Against Rb6} 46. Ra4 a5 ({Not} 46... Rxb3 47. Rxa6 Rxe3 48. Rxf6 $17) 47. b4 (47. Kb2 {was the only defense.}) 47... axb4 48. Bxb4 Nc4 49. Be7 Kf7 50. Rxc4 {Strongly threatening Bb4.} Kxe7 {KR-KR} 51. Rc7+ Ke6 52. Rh7 e4 53. Ka3 Rb1 54. Rxh5 Re1 {Hoping for ...f5.} 55. Kb4 Rxe3 {White must now prevent ...f5.} 56. Kc4 f5 57. Rh8 Ke5 58. h5 Kf4 59. h6 Rh3 60. h7 Rh1 61. Kc3 e3 62. Kd3 Rd1+ 63. Ke2 Rd2+ 64. Ke1 Rh2 {( -> ...Kf3)} 65. Kf1 Kf3 66. Kg1 e2 {Weighted Error Value: White=0.65/Black=0.21 (precise)} 0-1

[Event "IX Famalicao Open 2022"]
[Site "Vila Nova de Famalicao"]
[Date "2022.07.26"]
[Round "3.7"]
[White "Santos, Jose Miguel Sereno"]
[Black "Krishna C R G"]
[Result "0-1"]
[ECO "C00"]
[WhiteElo "1850"]
[BlackElo "2430"]
[Annotator "TA"]
[PlyCount "45"]
[EventDate "2022.07.25"]
[EventType "tourn"]
[EventCountry "POR"]
[SourceTitle "playchess.com"]
[Source "ChessBase"]
[SourceQuality "1"]
[TimeControl "5400+30"]

1. e4 e6 2. d4 d5 3. Bd3 dxe4 4. Bxe4 Nf6 5. Bf3 c5 6. c3 {C01: French: Exchange Variation.} Nc6 7. Ne2 e5 {Hoping for ...e4.} 8. Bg5 (8. Bxc6+ {seems wilder.} bxc6 9. O-O cxd4 10. cxd4 Bd6 11. dxe5 Bxe5 12. Qxd8+ Kxd8 13. Rd1+) 8... cxd4 9. Bxc6+ bxc6 10. cxd4 {[#]} c5 $146 ({Predecessor:} 10... exd4 11. Bxf6 Qxf6 12. Qxd4 Qxd4 13. Nxd4 Bc5 14. Nb3 Bb4+ 15. N1d2 Ba6 16. O-O-O O-O-O {½-½ (30) Rusche,J (2170)-Hengl,C (2225) Austria 2009}) 11. Bxf6 gxf6 12. dxe5 (12. d5 $1 $11) 12... Qxd1+ $15 13. Kxd1 Ba6 14. exf6 $2 (14. Nd2 $15) 14... O-O-O+ $1 $19 15. Ke1 Bh6 16. f4 ({Not} 16. Nbc3 $2 Bd2+ 17. Kf1 Bxc3 18. bxc3 Rhe8 $19) 16... Rhe8 17. Nbc3 Bxf4 18. Rd1 {[#]} Rxd1+ ({Black should play} 18... Rxe2+ $1 $19 19. Nxe2 Re8) 19. Kxd1 $15 Rd8+ 20. Ke1 Re8 {[%mdl 1024] Black has compensation.} 21. Kf2 {[#]} (21. Kd1 $11 {keeps the balance.} Rd8+ 22. Ke1) 21... Bd2 {Black is more active.} (21... Be3+ $1 $17 22. Kg3 Bb7) 22. Kf3 $2 (22. Rd1 $11 Bg5 23. Ng3) 22... Bc4 $2 (22... Bb7+ $19 23. Kf2 Be3+ 24. Kg3 Rg8+ 25. Kh4 Rxg2) 23. h4 {Weighted Error Value: White=0.55/Black=0.50} (23. Rd1 $5 Re3+ 24. Kf2 $11) 0-1

[Event "IX Famalicao Open 2022"]
[Site "Vila Nova de Famalicao"]
[Date "2022.07.26"]
[Round "3.8"]
[White "Akhvlediani, Irakli"]
[Black "Anishka Vikram"]
[Result "1-0"]
[ECO "D02"]
[WhiteElo "2429"]
[BlackElo "1871"]
[Annotator "TA"]
[PlyCount "59"]
[EventDate "2022.07.25"]
[EventType "tourn"]
[EventCountry "POR"]
[SourceTitle "playchess.com"]
[Source "ChessBase"]
[SourceQuality "1"]
[TimeControl "5400+30"]

1. d4 Nf6 2. Nf3 d5 3. Bf4 e6 4. e3 Bd6 5. Bg3 c5 6. c3 {D02: 1 d4 d5 2 Nf3 sidelines, including 2...Nf6 3 g3 and 2...Nf6 3 Bf4.} Qc7 7. dxc5 Bxg3 8. hxg3 {[%cal Og3g4] The position is equal.} Qxc5 9. Nbd2 Nc6 10. Bd3 Bd7 11. Qe2 Qb6 12. b4 {[#]} a6 $146 ({Predecessor:} 12... Qc7 13. a3 Ne5 14. Rc1 Rc8 15. Nxe5 Qxe5 16. Nf3 Rxc3 17. O-O Qc7 18. Qb2 Rxc1 19. Rxc1 {½-½ (56) Alachihin,V (2104)-Ulanov,A (2283) Dimitrovgrad 2008}) 13. a4 h6 14. e4 Qc7 15. O-O O-O 16. Rac1 Rfd8 17. e5 Ng4 18. Rfe1 f6 (18... Rdc8 $14) 19. exf6 $16 Nxf6 {[%cal Oe6e5] [#]} 20. b5 $1 axb5 21. axb5 Na5 22. Nd4 Re8 {[#]} 23. Bg6 $1 {White is more active.} Re7 (23... e5 $16 24. Bxe8 Rxe8) 24. Nf5 $1 $18 exf5 (24... Ree8 {is a better defense.}) 25. Qxe7 {Black must now prevent Qf7+.} Ne4 (25... Rf8 $142 26. Bxf5 Rc8) 26. Nxe4 fxe4 27. Rcd1 Qc8 28. Rxd5 Qxc3 {[#]} 29. Rxd7 $1 Qxe1+ (29... Qf6 30. Qxf6) 30. Kh2 {Weighted Error Value: White=0.05 (flawless) /Black=0.56} 1-0

[Event "IX Famalicao Open 2022"]
[Site "Vila Nova de Famalicao"]
[Date "2022.07.26"]
[Round "3.9"]
[White "Suarez Rozas, David"]
[Black "Umetsubo, Cesar Hidemitsu"]
[Result "0-1"]
[ECO "A46"]
[WhiteElo "1772"]
[BlackElo "2405"]
[Annotator "TA"]
[PlyCount "52"]
[EventDate "2022.07.25"]
[EventType "tourn"]
[EventCountry "POR"]
[SourceTitle "playchess.com"]
[Source "ChessBase"]
[SourceQuality "1"]
[TimeControl "5400+30"]

1. d4 Nf6 2. Nf3 e6 3. Bg5 c5 4. e3 h6 5. Bh4 b6 6. c3 Bb7 7. Bd3 Be7 8. Nbd2 g5 {[%emt 0:09:45] A46: 1 d4 Nf6 2 Nf3 e6: Torre, London and Colle Systems.} 9. Bg3 g4 10. Ne5 ({Much weaker is} 10. Nh4 Rg8 11. h3 Nh5 12. hxg4 Nxg3 13. fxg3 Qc7 $15) 10... h5 {[%emt 0:00:10] The position is equal.} 11. e4 $2 (11. dxc5 $1 $14 Bxg2 12. Rg1) 11... d6 12. Qa4+ {[%emt 0:05:35] [#]} Kf8 $1 13. Nec4 {[%emt 0:00:14] [#]} cxd4 14. cxd4 {[%emt 0:06:05] [#]} Nc6 $146 {[%emt 0:00:15] Threatens to win with ...h4.} ({Predecessor:} 14... d5 15. exd5 Qxd5 16. Ne3 Qd7 17. Qxd7 Nbxd7 18. h3 Kg7 19. hxg4 Nxg4 20. Rc1 Rac8 21. Rxc8 Bxc8 {½-½ (75) Miladinovic,I (2584)-Macieja,B (2613) Vrsac 2006}) 15. O-O-O (15. h3 $17) 15... Nxd4 16. Na5 $2 (16. Ne3 {was necessary.} e5 17. Bh4) 16... bxa5 $19 17. Qxd4 e5 18. Qe3 h4 19. h3 (19. f3 $142 hxg3 20. hxg3 Rxh1 21. Rxh1) 19... hxg3 20. hxg4 Rg8 21. g5 $2 (21. f3) 21... Ng4 22. Qxg3 {[%emt 0:01:12] [#]} Bxg5 $1 23. Kb1 Bf4 24. Qf3 Bxd2 25. Rxd2 Qg5 26. Bc4 $2 (26. Qe2 {is a better defense.}) 26... Nf6 {[%emt 0:00:12] White got outplayed after the opening.  Weighted Error Value: White=0.83/Black=0.21 (precise)} 0-1

[Event "IX Famalicao Open 2022"]
[Site "Vila Nova de Famalicao"]
[Date "2022.07.26"]
[Round "3.10"]
[White "Campora, Daniel H."]
[Black "Goncalves, Lucas Jordao"]
[Result "1-0"]
[ECO "C77"]
[WhiteElo "2397"]
[BlackElo "1813"]
[Annotator "TA"]
[PlyCount "63"]
[EventDate "2022.07.25"]
[EventType "tourn"]
[EventCountry "POR"]
[SourceTitle "playchess.com"]
[Source "ChessBase"]
[SourceQuality "1"]
[TimeControl "5400+30"]

1. e4 e5 2. Nf3 Nc6 3. Bb5 a6 4. Ba4 Nf6 5. d3 b5 6. Bb3 d6 7. c3 Na5 8. Bc2 c5 9. O-O Be7 10. Re1 Nc6 11. Nbd2 O-O 12. Nf1 Bd7 {[%emt 0:10:17] 12...h6 is setting a new trend. C90: Closed Ruy Lopez with 7...d6: Early deviations.} 13. h3 Qc7 14. Ne3 Rac8 {[%emt 0:02:51] [#] The position is equal.} 15. a4 $146 ({Predecessor:} 15. Qe2 Rfe8 16. Nd5 Nxd5 17. exd5 Na7 18. c4 Bf8 19. Ng5 h6 20. Ne4 Kh8 21. Qh5 {1-0 (30) Dorado Meijide,A (1743)-Sousa,G (1533) Pontevedra 2018}) 15... Nd4 16. cxd4 cxd4 {[%emt 0:00:14] [#]} 17. Bb3 $1 {[%emt 0:00:08] And now Nf5 would win.} dxe3 18. Bxe3 bxa4 19. Bxa4 Qb7 20. Bxd7 Nxd7 21. Qa4 Rc6 22. Nd2 f5 (22... d5 $11 {remains equal.} 23. exd5 Rd6) 23. Nc4 (23. Qa2+ $16 Kh8 24. exf5) 23... Bd8 24. Qa2 {[%emt 0:11:08] White is more active.} Kh8 25. exf5 Rxf5 ({Black should try} 25... d5 $14 26. Na5 Bxa5 27. Qxa5 d4) 26. Na5 Bxa5 27. Qxa5 h6 28. Rec1 $36 {[%emt 0:06:04][%mdl 2048] Prevents Nc5. Threatens to win with Rxc6. Black is under strong pressure.} Rxc1+ ({Better is} 28... Nc5) 29. Rxc1 $16 {[%emt 0:01:31] [#] aiming for Rc7.} Nc5 $2 (29... Rf7 $16 30. Rc7 Qb5 31. Qxb5 axb5) 30. Qd8+ $18 {[%emt 0:02:13] White is clearly winning.} Kh7 31. Qxd6 Nb3 32. Rc7 {[%emt 0:00:15] Weighted Error Value: White=0.15 (very precise) /Black=0.70} ({Not} 32. Rc6 Rf6 33. Rc7 Qxg2+ 34. Kxg2 Rxd6 $14) 1-0

[Event "IX Famalicao Open 2022"]
[Site "Vila Nova de Famalicao"]
[Date "2022.07.26"]
[Round "3.11"]
[White "Ozbek, Umut"]
[Black "Dias, Paulo"]
[Result "0-1"]
[ECO "C44"]
[WhiteElo "1205"]
[BlackElo "2348"]
[Annotator "TA"]
[PlyCount "32"]
[EventDate "2022.07.25"]
[EventType "tourn"]
[EventCountry "POR"]
[SourceTitle "playchess.com"]
[Source "ChessBase"]
[SourceQuality "1"]
[TimeControl "5400+30"]

1. e4 e5 2. Nf3 Nc6 3. d4 exd4 4. Nxd4 Nf6 5. Nxc6 bxc6 6. Nc3 Bb4 7. Bd3 d5 8. e5 Ng4 9. O-O O-O {C47: Scotch Four Knights and Four Knights with 4 g3.} 10. Bd2 ({Better is} 10. Bf4 $15) 10... Re8 $17 {[%cal Bf8e8,Be8e6,Be6h6][%mdl 32] [#]} 11. Re1 $146 (11. Bf4 $17 {was necessary.}) ({Predecessor:} 11. Bf4 Rb8 12. a3 Bc5 13. b4 Bxf2+ 14. Rxf2 Nxf2 15. Kxf2 Qh4+ 16. g3 Qxh2+ 17. Kf3 {0-1 (44) Wiehl,H-Gnuechtel,A GER email 2013}) 11... Qh4 {Black has a decisive advantage.} ({Inferior is} 11... Rxe5 12. h3 Rxe1+ 13. Qxe1 $11) (11... Nxe5 12. Bxh7+ Kxh7 13. Qh5+ Kg8 14. Rxe5 $15) 12. h3 Qxf2+ ({But not} 12... Nxf2 $2 13. Qf3 Nxd3 14. cxd3 $19) 13. Kh1 Bc5 {[%cal Of2g3] [#] ...Qg3! is the strong threat. Really sharp!} ({Not} 13... Nxe5 14. Qh5 g6 15. Rxe5 gxh5 16. Rxe8+ Bf8 17. Bh6 $17) 14. Qf3 {Inhibits Qg3.} (14. Rf1 Qg3 15. Bf4 Nf2+ 16. Rxf2 Qxf2 17. Ne2) 14... Qxd2 $19 15. hxg4 Re6 {( -> ...Rh6+)} 16. g5 {[#] Against Rh6+} Rh6+ $3 {[%mdl 512] White got outplayed after the opening.  Weighted Error Value: White=2.13/Black=0.08 (flawless)} 0-1

[Event "IX Famalicao Open 2022"]
[Site "Vila Nova de Famalicao"]
[Date "2022.07.26"]
[Round "3.12"]
[White "Borges, Guilherme Deola"]
[Black "Marques, Joao Goncalo B A"]
[Result "1-0"]
[ECO "D37"]
[WhiteElo "2185"]
[BlackElo "1474"]
[Annotator "TA"]
[PlyCount "27"]
[EventDate "2022.07.25"]
[EventType "tourn"]
[EventCountry "POR"]
[SourceTitle "playchess.com"]
[Source "ChessBase"]
[SourceQuality "1"]
[TimeControl "5400+30"]

1. d4 d5 2. c4 e6 3. Nf3 Nf6 4. Nc3 Be7 5. Bf4 O-O 6. e3 Nh5 7. Be5 {[%emt 0:03:12] D37: Queen's Gambit Declined: 5 Bf4.} f6 8. Bg3 Nxg3 9. hxg3 {[%emt 0:00:03] aiming for cxd5. White is better.} b6 ({Black should try} 9... c6 $14) 10. Qc2 $18 h6 {[%emt 0:05:40] [#]} (10... g6 {keeps fighting.} 11. cxd5 Bb4) 11. cxd5 $146 ({Less strong is} 11. Qg6 Qe8 12. Qxe8 Rxe8 $16) ({Predecessor:} 11. Rxh6 gxh6 12. Qg6+ Kh8 13. Qxh6+ Kg8 14. Qg6+ Kh8 15. Bd3 f5 16. O-O-O {1-0 (16) Schelberg,M (1816)-Bellisario,C (1352) ICCF email 2019}) 11... exd5 $2 {[%emt 0:00:09] [#]} (11... f5 12. Bc4 Ba6) 12. Nxd5 $1 {[%emt 0:00:13][%mdl 512] White is clearly winning.} Bd6 (12... c6 13. Nf4) 13. Bc4 {[%emt 0:01:08] Intending Nxf6+ and mate.} Be6 {[%emt 0:11:20] [#]} 14. Nxc7 $1 {[%emt 0:01:46][%mdl 512] Black got outplayed after the opening.  Weighted Error Value: White=0.34/Black=0.95} 1-0